Map: Lightshade LE

Players

TheBean - Winner!

  • Race: Protoss Protoss
  • League: Master
  • Spawn Location: 5:00

CptDanK

  • Race: Protoss Protoss
  • League: Platinum
  • Spawn Location: 11:00

VOD

Have the link to the VOD?

Description

1v1 PvP - Void Rush

Time

  • Played on: Feb. 6, 2021, 3:54 a.m.
  • Length: 6:21
Show
View Real Time Build Order
Export as new Build Order

TheBean Protoss - Winner!

Build Orders:  

Get SALT Encoding   

  12  0:00  Probe  
  13  0:12  Probe  
  14  0:20  Pylon  
  14  0:24  Probe  
  15  0:45  Gateway  
  15  0:48  Probe (Chrono Boost)  
  17  0:58  Probe (Chrono Boost)  
  17  0:59  Assimilator  
  17  1:02  Assimilator  
  17  1:07  Probe (Chrono Boost)  
  19  1:19  Probe (Chrono Boost)  
  19  1:25  Probe (Chrono Boost)  
  20  1:33  Probe  
  20  1:35  Cybernetics Core  
  20  1:39  Gateway  
  21  1:45  Probe  
  22  1:47  Pylon  
  22  1:58  Probe  
  23  2:10  Nexus  
  23  2:19  Warp Gate  
  25  2:23  Adept (Chrono Boost)  
  25  2:26  Adept (Chrono Boost)  
  25  2:27  Probe  
  28  2:39  Probe  
  28  2:40  Pylon  
  29  2:51  Probe  
  30  3:03  Probe  
  30  3:05  Pylon  
  31  3:08  Assimilator  
  31  3:12  Stalker  
  33  3:14  Stalker  
  33  3:15  Probe  
  36  3:27  Probe  
  33  4:08  Adept x2  
  33  4:09  Probe (Chrono Boost)  
  38  4:14  Assimilator  
  38  4:16  Probe (Chrono Boost), Pylon  
  35  4:20  Probe (Chrono Boost)  
  34  4:24  Probe x2 (Chrono Boost)  
  35  4:35  Probe x2, Shield Battery  
  37  4:40  Shield Battery  
  37  4:42  Stalker x2  
  41  4:47  Probe x2  
  43  4:59  Probe x2  
  45  5:04  Stargate  
  45  5:09  Stalker  
  45  5:11  Probe  
  46  5:14  Pylon  
  46  5:30  Stalker  
  48  5:47  Gateway  
  48  5:49  Gateway x2  
  48  6:06  Stalker x2  
Show
View Real Time Build Order
Export as new Build Order

CptDanK Protoss 

Build Orders: Oracle Opening 

Get SALT Encoding   

  12  0:13  Pylon  
  12  0:17  Probe (Chrono Boost)  
  14  0:29  Probe (Chrono Boost)  
  14  0:34  Probe (Chrono Boost)  
  15  0:42  Gateway  
  15  0:44  Probe  
  16  0:51  Assimilator  
  16  1:07  Pylon  
  16  1:28  Zealot (Chrono Boost)  
  18  1:32  Probe  
  19  1:41  Cybernetics Core  
  19  1:45  Probe  
  20  1:56  Assimilator  
  20  2:04  Probe (Chrono Boost)  
  21  2:15  Probe (Chrono Boost)  
  22  2:18  Stargate  
  22  2:20  Probe (Chrono Boost)  
  23  2:28  Shield Battery  
  23  2:33  Shield Battery  
  23  2:45  Probe  
  24  2:57  Probe  
  25  3:00  Oracle (Chrono Boost)  
  28  3:09  Probe  
  29  3:22  Pylon  
  20  3:59  Probe  
  21  4:11  Probe  
  21  4:13  Void Ray  
  22  4:23  Probe  
  27  4:35  Probe  
  28  4:44  Shield Battery x2  
  28  4:49  Shield Battery  
  28  4:50  Pylon  
  28  4:53  Void Ray (Chrono Boost)  
  32  5:31  Shield Battery  
  32  5:33  Shield Battery  
  32  5:42  Pylon  
Tags
 
Add a new tag
Caveats
  • Supply blocks, unpowered buildings, or Contaminate may cause inaccurate times.
  • Supply counts are checked every 10 seconds.